AoeStats
← Comend x comend

Arena

507374029Analyzed
4v4 RM · 13d ago on Sep 17, 2026· 47m 53s· 8 players
Game mode
Random Map
Map size
Large (8 player)
Population
200
Speed
Normal
Resources
Standard
Victory
Conquest
Starting age
Dark Age
Ending age
Imperial Age
RankedLock teamsTeams togetherTeam positionsShared explorationLock speedFull tech treeHidden civsTurbo modeCheats
Victory
Defeat
🇳🇴 Romans · Norway
1391
+13
🇳🇿 Britons · New Zealand
1377
+13
🇵🇪 Turks · Peru
1366
+14
🇨🇴 Saracens · Colombia
1298
+17
🇧🇷 Poles · Brazil
1389
-18
🇧🇷 Armenians · Brazil
1368
-16
🇧🇷 Celts · Brazil
1308
-14
🇧🇷 Bohemians · Brazil
1196
-9
AXEL2904
7:11 Loom
10:52 Feudal Age
14:33 Castle Age
13:05 Double-Bit Axe
13:24 Horse Collar
24:11 Sanctity
23:54 Scale Mail Armor
26:29 Wheelbarrow
26:28 Forging
26:30 Gold Mining
27:16 Chain Mail Armor
27:48 Fervor
28:42 Iron Casting
29:50 Hand Cart
29:48 Bow Saw
29:56 Heavy Plow
30:24 Gambesons
30:39 Squires
32:12 Gold Shaft Mining
31:27 Stone Mining
31:14 Man-at-Arms
32:18 Squires
34:59 Imperial Age
33:17 Ballistics
32:38 Long Swordsman
32:39 Pikeman
33:57 Fletching
34:07 Padded Archer Armor
33:34 Two-Handed Swordsman
33:35 Pikeman
34:35 Masonry
34:46 Champion
36:04 Fereters
37:22 Blast Furnace
36:52 Plate Mail Armor
37:11 Plate Mail Armor
37:14 Conscription
36:23 Elite Skirmisher
37:00 Bodkin Arrow
37:20 Leather Archer Armor
37:00 Bodkin Arrow
38:08 Chemistry
36:59 Onager
38:19 Guard Tower
39:13 Murder Holes
39:49 Bracer
41:22 Ring Archer Armor
42:57 Bombard Tower
Pãozinho
11:35 Feudal Age
15:38 Castle Age
14:22 Horse Collar
15:41 Double-Bit Axe
17:43 Heavy Plow
22:55 Wheelbarrow
22:06 Town Watch
22:06 Loom
23:02 Stone Mining
23:02 Gold Mining
23:12 Light Cavalry
23:52 Husbandry
24:45 Stone Shaft Mining
26:00 Hand Cart
25:45 Town Patrol
30:45 Imperial Age
29:26 Bloodlines
29:16 Husbandry
28:37 Light Cavalry
30:20 Scale Barding Armor
30:25 Forging
30:06 Fletching
30:16 Padded Archer Armor
30:34 Szlachta Privileges
31:42 Ballistics
31:51 Conscription
31:52 Lechitic Legacy
30:54 Winged Hussar
31:56 Chain Barding Armor
32:33 Iron Casting
31:36 Crossbowman
33:24 Chemistry
32:15 Arbalester
33:00 Thumb Ring
33:49 Thumb Ring
33:55 Bodkin Arrow
34:40 Bracer
35:52 Blast Furnace
35:07 Leather Archer Armor
35:45 Scale Mail Armor
37:22 Masonry
37:23 Careening
36:46 Cavalier
40:40 Crop Rotation
40:22 Bow Saw
44:14 Elite Skirmisher
BREstrai
12:44 Feudal Age
16:33 Castle Age
15:16 Double-Bit Axe
15:26 Horse Collar
15:41 Gold Mining
19:04 Bow Saw
21:29 Scale Mail Armor
25:20 Elite Skirmisher
26:47 Heavy Plow
37:17 Imperial Age
39:39 Imperial Age
41:48 Loom
44:37 Imperial Age
42:56 Wheelbarrow
45:26 Pikeman
Tesla_G
9:57 Loom
11:50 Feudal Age
15:40 Castle Age
13:47 Double-Bit Axe
14:49 Horse Collar
16:52 Bow Saw
17:51 Wheelbarrow
17:55 Fervor
19:41 Loom
20:22 Heavy Plow
23:26 Hand Cart
24:48 Town Watch
28:08 Imperial Age
28:14 Chemistry
30:09 Two-Man Saw
29:58 Elite Skirmisher
31:16 Fletching
31:26 Padded Archer Armor
33:04 Leather Archer Armor
33:00 Bodkin Arrow
46:47 Ballistics
DanielP1lot
11:29 Feudal Age
15:22 Castle Age
13:15 Double-Bit Axe
13:39 Horse Collar
19:33 Loom
21:48 Bow Saw
23:41 Heavy Plow
25:42 Wheelbarrow
25:32 Gold Mining
25:34 Stone Mining
26:49 Hand Cart
30:08 Imperial Age
29:12 Forging
29:03 Scale Mail Armor
29:08 Scale Barding Armor
29:56 Gold Shaft Mining
30:36 Iron Casting
30:38 Ballistics
30:22 Caravan
30:31 Elite Mameluke
31:37 Conscription
31:39 Chain Barding Armor
33:26 Blast Furnace
32:42 Bloodlines
32:33 Husbandry
34:15 Plate Barding Armor
34:12 Parthian Tactics
38:13 Thumb Ring
39:13 Chemistry
39:16 Onager
39:44 Town Watch
40:49 Masonry
41:11 Siege Engineers
40:49 Siege Onager
Comend x comend
12:42 Feudal Age
16:46 Castle Age
20:46 Imperial Age
27:13 Town Watch
36:10 Double-Bit Axe
38:57 Wheelbarrow
38:40 Horse Collar
40:09 Bow Saw
41:28 Hand Cart
42:13 Loom
42:39 Heavy Plow
43:46 Bloodlines
43:39 Husbandry
43:50 Gold Mining
43:27 Cavalier
44:43 Forging
44:33 Scale Mail Armor
45:16 Conscription
47:12 Iron Casting
46:52 Chain Mail Armor
Snavle
10:41 Feudal Age
14:38 Castle Age
13:10 Double-Bit Axe
13:51 Horse Collar
22:14 Wheelbarrow
21:25 Loom
21:53 Heavy Plow
23:33 Bow Saw
23:27 Gold Mining
28:44 Imperial Age
27:16 Ballistics
26:58 Scale Mail Armor
27:47 Gold Shaft Mining
27:27 Forging
26:58 Man-at-Arms
27:38 Squires
28:44 Hand Cart
28:14 Town Watch
28:43 Masonry
28:25 Stone Mining
28:00 Long Swordsman
29:04 Ballistas
29:29 Chain Mail Armor
29:49 Iron Casting
29:17 Heavy Scorpion
29:46 Capped Ram
32:02 Chemistry
31:40 Siege Engineers
31:44 Legionary
33:54 Architecture
34:25 Blast Furnace
33:37 Siege Ram
35:18 Fletching
35:55 Comitatenses
41:19 Bodkin Arrow
41:21 Murder Holes
41:29 Caravan
44:47 Conscription
45:50 Scale Barding Armor
Not Ben
10:36 Feudal Age
15:47 Castle Age
14:11 Double-Bit Axe
14:21 Horse Collar
17:18 Wheelbarrow
23:21 Imperial Age
22:27 Loom
23:24 Gold Mining
23:48 Fletching
23:58 Padded Archer Armor
24:47 Bodkin Arrow
25:17 Bow Saw
26:24 Bracer
28:01 Padded Archer Armor
30:02 Leather Archer Armor
30:09 Ballistics
30:46 Forging
31:49 Chemistry
32:23 Hand Cart
31:31 Man-at-Arms
31:56 Gambesons
34:39 Yeomen
34:11 Long Swordsman
34:57 Scale Mail Armor
35:32 Iron Casting
35:03 Squires
34:48 Arson
35:25 Two-Handed Swordsman
36:24 Chain Mail Armor
36:18 Champion
39:11 Plate Mail Armor
39:42 Blast Furnace
39:46 Elite Longbowman
41:07 Gold Shaft Mining
40:22 Stone Mining
41:05 Stone Mining
42:00 Conscription
47:00 Ring Archer Armor
Connection lost

Rejoining the realm…

Still unreachable

The connection could not be restored.

Session expired

The server has moved on; the page needs a fresh start.